 Dungeon Crawl Stone Soup version 0.19-a0-599-g723c685 (webtiles) character file.

10150 Ordine the Nimble (level 11, -4/64 HPs)
             Began as a Deep Elf Wizard on June 11, 2016.
             Was a Priest of Vehumet.
             Slain by an ice devil (10 damage)
             ... on level 1 of the Lair of Beasts.
             The game lasted 01:16:49 (12372 turns).

Ordine the Nimble (Deep Elf Wizard)                Turns: 12372, Time: 01:16:50

Health: -4/64      AC: 17    Str:  4    XL:     11   Next: 32%
Magic:  0/26       EV: 18    Int: 27    God:    Vehumet [***...]
Gold:   189        SH:  0    Dex: 13    Spells: 8 memorised, 11 levels left

rFire  . . .     SeeInvis .     I - +3 quarterstaff (protect)
rCold  + . .     Gourm    .     a - +1 robe
rNeg   . . .     Faith    .     (shield currently unavailable)
rPois  .         Spirit   .     C - +2 helmet
rElec  .         Dismiss  .     Z - +1 cloak
rCorr  .         Reflect  .     (no gloves)
SustAt .         Harm     .     w - +0 pair of boots
MR     +....                    b - amulet of magic regeneration
Stlth  ++........               r - ring of protection from cold
                                f - +2 ring of protection

@: repel missiles, somewhat resistant to hostile enchantments, unstealthy
A: no striking features
a: Renounce Religion


You were on level 1 of the Lair of Beasts.
You worshipped Vehumet.
Vehumet was most pleased with you.
You were very hungry.

You visited 3 branches of the dungeon, and saw 12 of its levels.
You also visited: Ossuary.

You collected 545 gold pieces.
You spent 356 gold pieces at shops.

Inventory:

Hand Weapons
 I - a +3 quarterstaff of protection (weapon)
Armour
 a - a +1 robe (worn)
 w - a +0 pair of boots (worn)
 C - a +2 helmet (worn)
 Z - a +1 cloak (worn)
Jewellery
 b - an amulet of magic regeneration (around neck)
 f - a +2 ring of protection (left hand)
 k - a +4 ring of dexterity
 p - an uncursed ring of poison resistance
 r - a ring of protection from cold (right hand)
 V - an uncursed ring of see invisible
Wands
 H - a wand of acid (5/15)
 N - a wand of disintegration (13/24)
 O - a wand of lightning (6/15)
 X - a wand of paralysis (6/24)
Scrolls
 g - a scroll of blinking
 h - 2 scrolls of enchant weapon
 m - 5 scrolls of teleportation
 u - 3 scrolls of enchant armour
 x - 2 scrolls of brand weapon
 y - 2 scrolls of remove curse
 J - a scroll of immolation
 S - 2 scrolls of amnesia
Potions
 e - a potion of ambrosia
 j - 2 potions of agility
 l - 2 potions of cure mutation
 q - a potion of heal wounds {unknown}
 s - 2 potions of brilliance {unknown}
 v - 4 potions of lignification
 z - 2 potions of magic {unknown}
 A - a potion of invisibility {unknown}
 B - a potion of flight {unknown}
 D - 2 potions of haste {unknown}
 E - a potion of mutation {unknown}
 F - a potion of might {unknown}
 G - 5 potions of curing
 Q - a potion of resistance {unknown}
Books
 c - a book of Minor Magic

   Spells                             Type                      Level
   a - Magic Dart                     Conjuration                  1
   b - Blink                          Translocation                2
   c - Call Imp                       Summoning                    2
   d - Repel Missiles                 Charms/Air                   2
   e - Slow                           Hexes                        2
   f - Conjure Flame                  Conjuration/Fire             3
   g - Mephitic Cloud                 Conjuration/Poison/Air       3
 K - a book of Maledictions

   Spells                             Type                      Level
   a - Corona                         Hexes                        1
   b - Ensorcelled Hibernation        Hexes/Ice                    2
   c - Confuse                        Hexes                        3
   d - Tukima's Dance                 Hexes                        3
   e - Dazzling Spray                 Conjuration/Hexes            3
 P - a book of Annihilations

   Spells                             Type                      Level
   a - Poison Arrow                   Conjuration/Poison           6
   b - Chain Lightning                Conjuration/Air              8
   c - Lehudib's Crystal Spear        Conjuration/Earth            8
   d - Glaciate                       Conjuration/Ice              9
   e - Fire Storm                     Conjuration/Fire             9
Comestibles
 d - 13 bread rations
 n - 11 fruits
 t - 3 meat rations
 M - 2 beef jerkies
 R - a royal jelly


   Skills:
 - Level 6.3 Fighting
 * Level 3.2 Staves
 - Level 6.0 Armour
 - Level 10.0 Dodging
 - Level 2.4 Stealth
 + Level 9.0 Spellcasting
 + Level 5.7 Conjurations
 - Level 6.0 Charms
   Level 1.1 Summonings
 - Level 4.0 Translocations
 + Level 4.5 Fire Magic
 + Level 4.0 Air Magic


You had 11 spell levels left.
You knew the following spells:

 Your Spells              Type           Power        Failure   Level  Hunger
a - Magic Dart            Conj           ####         1%          1    None
b - Searing Ray           Conj           #####.       1%          2    None
c - Dazzling Spray        Conj/Hex       ####..       1%          3    None
d - Blink                 Tloc           N/A          1%          2    None
e - Conjure Flame         Conj/Fire      #####...     1%          3    None
f - Mephitic Cloud        Conj/Pois/Air  ####....     1%          3    None
g - Corona                Hex            ##.....      6%          1    None
i - Repel Missiles        Chrm/Air       #####.       1%          2    None


Dungeon Overview and Level Annotations

Branches:
Dungeon (10/15)            Temple (1/1) D:6            Lair (1/6) D:8
    Orc (0/2) D:10

Altars:
Ashenzari
Cheibriados
Dithmenos
Elyvilon
Fedhas
Gozag
Hepliaklqana
Kikubaaqudgha
Makhleb
Nemelex Xobeh
Okawaru
Pakellas
Qazlal
Ru
Sif Muna
Trog
Uskayaw
Vehumet
Xom
Yredelemnul
Zin
The Shining One

Shops:
D:7 ?   D:9 (


Message History

The ice devil closely misses you.
The searing ray hits the ice devil.
The ice devil is heavily wounded.
The ice devil hits you but does no damage.
The searing ray hits the ice devil.
The ice devil is almost dead.
You finish channeling your searing ray.
The ice devil is no longer blind.
The ice devil misses you.
Casting: Searing Ray
Confirm with . or Enter, or press ? or * to list all spells.
Aiming: Searing Ray
Press: ? - help, Shift-Dir - straight line, f/p - ice devil
Aim: an ice devil (almost dead)
The searing ray misses the ice devil.
The ice devil hits you but does no damage.
Without enough magic to sustain it, your searing ray dissipates.
The ice devil hits you!
* * * LOW HITPOINT WARNING * * *
The ice devil freezes you! You resist.
You die...

# #....##...##.###...# #>.
####...###..#...###.## #..
.#.....#P..##..####.# #######..
...............# #..# #..#.##..
...............# #### #........
...............# ##.##.....
≈P.≈...........### ..##.###....
≈≈≈≈.#.##......'.##....##..##....
≈≈P≈##.##...#P.#@4.....##.###....
≈≈≈≈##.#....##.+.##....##..##....
≈≈≈≈#..##....#.### ...###.##....
≈≈P≈.#.##...##.# ####.##....
≈≈P≈♣#.........##########..##....
≈≈≈≈♣....................#.##....
≈≈≈♣♣..#######P#.#.........##....
≈≈≈♣♣>.## #####........###....
P≈♣♣#...# ##.####.##.###.#


You could see an ice devil.

Vanquished Creatures
  A hydra (Lair:1)
  The ghost of Ordine the Cleaver, a novice FoFi (D:5)
  A cyclops (D:10)
  A black mamba (Lair:1)
  Joseph (D:7)
  Maurice (D:10)
  A komodo dragon (Lair:1)
  An ice devil (Lair:1)
  The ghost of Laan the Destroyer, a novice DEWz (Ossuary)
  A two-headed ogre (D:10)
  5 wyverns
  2 basilisks (Lair:1)
  7 yaks
  A spriggan (D:7)
  Eustachio (D:4)
  A hippogriff (D:7)
  Menkaure (D:4)
  Edmund (D:4)
  A water moccasin (Lair:1)
  A porcupine (Lair:1)
  An orc warrior (D:10)
  A sky beast (D:6)
  A black bear (D:10)
  2 ice beasts
  2 phantoms
  5 ogres
  4 centaurs
  A crocodile (Lair:1)
  6 giant frogs
  2 big kobolds (D:7)
  A water moccasin zombie (Ossuary)
  5 scorpions
  2 killer bees (D:9)
  A crimson imp (D:5)
  A centaur zombie (D:5)
  A giant frog zombie (D:5)
  A jelly (D:8)
  A quasit (D:10)
  A centaur skeleton (D:4)
  6 orc priests
  A gnoll shaman (D:5)
  4 hounds
  8 orc wizards
  A giant frog skeleton (D:6)
  5 iguanas
  9 worker ants
  A hound zombie (D:7)
  2 mummies (Ossuary)
  A worker ant zombie (D:6)
  Robin (D:2)
  18 adders
  4 gnolls
  A howler monkey skeleton (D:4)
  14 river rats (Lair:1)
  3 shadow imps
  2 oozes
  4 adder zombies
  An adder skeleton (D:6)
  2 worms
  A dart slug (D:4)
  4 giant geckos
  25 orcs
  5 giant cockroaches
  3 gnoll zombies (Ossuary)
  16 goblins
  11 hobgoblins
  4 jackals
  2 quokkas (D:3)
  2 ball pythons (D:3)
  6 bats
  A giant gecko zombie (D:7)
  3 giant newts
  3 hobgoblin zombies (Ossuary)
  A jackal skeleton (D:4)
  14 kobolds
  6 kobold zombies (Ossuary)
  4 orc zombies (Ossuary)
  A quokka zombie (D:5)
  5 rats
275 creatures vanquished.

Notes
Turn   | Place    | Note
--------------------------------------------------------------
     0 | D:1      | Ordine the Deep Elf Wizard began the quest for the Orb.
     0 | D:1      | Reached XP level 1. HP: 10/10 MP: 7/7
   526 | D:1      | Reached skill level 5 in Spellcasting
   526 | D:1      | Reached XP level 2. HP: 15/15 MP: 8/10
   657 | D:1      | Learned a level 2 spell: Blink
  1012 | D:2      | Reached XP level 3. HP: 19/19 MP: 5/11
  1232 | D:2      | Learned a level 3 spell: Conjure Flame
  1236 | D:2      | Learned a level 3 spell: Mephitic Cloud
  1239 | D:2      | Learned a level 2 spell: Repel Missiles
  1664 | D:2      | Noticed Robin
  1691 | D:2      | Reached XP level 4. HP: 18/24 MP: 3/13
  1709 | D:2      | Killed Robin
  2324 | D:3      | Reached XP level 5. HP: 28/28 MP: 10/15
  2685 | D:4      | Noticed Menkaure
  2716 | D:4      | Killed Menkaure
  2716 | D:4      | Reached XP level 6. HP: 14/32 MP: 16/18
  2957 | D:4      | Noticed Edmund
  2978 | D:4      | Killed Edmund
  3156 | D:4      | Found a bloodstained altar of Trog.
  3335 | D:4      | Reached XP level 7. HP: 32/41 MP: 7/19
  3715 | D:4      | Noticed Eustachio
  3725 | D:4      | Killed Eustachio
  3970 | D:5      | Entered Level 5 of the Dungeon
  3970 | D:5      | Noticed Ordine's ghost (novice FoFi)
  3994 | D:5      | Killed Ordine's ghost
  3994 | D:5      | Reached XP level 8. HP: 29/51 MP: 6/20
  4212 | D:5      | Reached skill level 1 in Charms
  4264 | D:5      | Reached skill level 1 in Fire Magic
  4264 | D:5      | Reached skill level 1 in Air Magic
  4977 | D:5      | Found a hazy altar of Hepliaklqana.
  5216 | D:6      | Found a sand-covered staircase.
  5267 | Ossuary  | Entered an ossuary
  5373 | Ossuary  | Noticed Laan's ghost (novice DEWz)
  5392 | Ossuary  | Killed Laan's ghost
  5392 | Ossuary  | Reached skill level 5 in Charms
  5392 | Ossuary  | Reached XP level 9. HP: 42/55 MP: 6/22
  5933 | D:6      | Reached skill level 1 in Armour
  6127 | D:6      | Found a staircase to the Ecumenical Temple.
  6147 | Temple   | Entered the Ecumenical Temple
  6370 | Temple   | Became a worshipper of Vehumet
  6751 | D:7      | Noticed Joseph
  6775 | D:7      | Killed Joseph
  6860 | D:7      | Reached skill level 5 in Armour
  7037 | D:7      | Reached * piety under Vehumet
  7037 | D:7      | Offered knowledge of Sandblast by Vehumet.
  7287 | D:7      | Found Zaytzopp's Magic Scroll Shop.
  7414 | D:7      | Bought a scroll of brand weapon for 260 gold pieces
  7424 | D:7      | Reached XP level 10. HP: 60/60 MP: 18/24
  7520 | D:7      | Learned a level 1 spell: Corona
  7579 | D:7      | Reached skill level 3 in Dodging
  7978 | D:8      | Reached skill level 4 in Dodging
  8111 | D:8      | Found a staircase to the Lair.
  8392 | D:9      | Reached skill level 5 in Dodging
  8410 | D:9      | Found Hafipt's Antique Weapon Shop.
  8426 | D:9      | Offered knowledge of Searing Ray by Vehumet.
  8430 | D:9      | Learned a level 2 spell: Searing Ray
  8641 | D:9      | Reached ** piety under Vehumet
  8790 | D:9      | Found a burning altar of Makhleb.
  8790 | D:9      | Found an oddly glowing altar of Pakellas.
  8791 | D:9      | Found a snail-covered altar of Cheibriados.
  8986 | D:10     | Entered Level 10 of the Dungeon
  9030 | D:9      | Bought a runed quarterstaff for 96 gold pieces
  9145 | D:10     | Reached skill level 6 in Dodging
  9285 | D:10     | Noticed Maurice
  9298 | D:10     | Killed Maurice
  9298 | D:10     | Reached skill level 7 in Dodging
  9410 | D:10     | Noticed a cyclops
  9502 | D:10     | Reached skill level 8 in Dodging
  9712 | D:10     | Found a staircase to the Orcish Mines.
  9793 | D:10     | Killed a cyclops
  9793 | D:10     | Reached skill level 9 in Dodging
 10373 | D:9      | Offered knowledge of Inner Flame by Vehumet.
 10373 | D:9      | Reached skill level 10 in Dodging
 10470 | Lair:1   | Entered Level 1 of the Lair of Beasts
 10624 | Lair:1   | HP: 2/60 [yak (9)]
 10932 | D:8      | Reached skill level 5 in Conjurations
 11045 | Lair:1   | Learned a level 3 spell: Dazzling Spray
 11069 | Lair:1   | Reached XP level 11. HP: 64/64 MP: 16/25
 11135 | Lair:1   | Noticed a four-headed hydra
 11180 | Lair:1   | Reached skill level 1 in Staves
 11589 | Lair:1   | Killed a four-headed hydra
 11626 | Lair:1   | Reached *** piety under Vehumet
 12372 | Lair:1   | Slain by an ice devil

Vault maps used:
D:1:      minmay_arrival_jagged
D:2:      uniq_robin
D:3:      serial_park_tiny_pond, kennysheep_crisscross
D:4:      trog_book, uniq_edmund, uniq_menkaure, uniq_eustachio
D:5:      overflow_temple_1_default, first_bread
D:6:      minmay_temple_entry_statues_fountains, enter_ossuary_1
D:7:      serial_shops, shop, the_bakery, minivault_23, uniq_joseph
D:8:      lair_0_dummy
D:9:      gammafunk_temple_overflow_claw, serial_shops, shop
D:10:     orc_0_dummy, kennysheep_generic_room_3, uniq_maurice
Temple:   kilobyte_greek_temple_18
Lair:1:   portal_ice_cave_demonic_guard, nicolae_quartered_pool_super,
          infiniplex_staircase_pool_2, lemuel_fruit_fields, serial_bayou_shore_a
Ossuary:  ossuary_tomb_2

Skill      XL: |  1  2  3  4  5  6  7  8  9 10 11 |
---------------+----------------------------------+-----
Spellcasting   | 5 6 7 8 9 |  9.0
Conjurations   | 2 3 4 5 |  5.7
Translocations | 2 3 4 |  4.0
Fighting       | 3 6 |  6.3
Charms         | 5 6 |  6.0
Fire Magic     | 2 3 4 |  4.5
Air Magic      | 2 3 4 |  4.0
Armour         | 6 |  6.0
Dodging        | 10 | 10.0
Staves         | 3 |  3.2
Stealth        | |  2.4
Summonings     | |  1.1

Action                   |  1- 3 |  4- 6 |  7- 9 | 10-12 || total
-------------------------+-------+-------+-------+-------++-------
Melee: Spear             |    28 |    28 |    24 |       ||    80
       Quarterstaff      |       |       |       |     4 ||     4
 Cast: Magic Dart        |    77 |   127 |   474 |   147 ||   825
       Conjure Flame     |     2 |     2 |    20 |     7 ||    31
       Repel Missiles    |     1 |       |     1 |     1 ||     3
       Blink             |       |     1 |     5 |    10 ||    16
       Mephitic Cloud    |       |     1 |    10 |     5 ||    16
       Searing Ray       |       |       |       |    79 ||    79
       Dazzling Spray    |       |       |       |    46 ||    46
       Corona            |       |       |       |     9 ||     9
Evoke: Wand              |       |       |       |     3 ||     3
  Use: Scroll            |     6 |     4 |     7 |     7 ||    24
       Potion            |       |     1 |     1 |       ||     2
  Eat: Chunk             |     2 |     5 |    11 |    12 ||    30
       Beef jerky        |       |       |     1 |       ||     1
       Fruit             |       |       |       |     2 ||     2
Armor: Robe              |     7 |    15 |    54 |    79 ||   155
       Skin              |       |    11 |       |       ||    11
Dodge: Dodged            |    14 |    26 |    89 |   178 ||   307
       Deflected         |       |       |     7 |     5 ||    12
